 Dungeon Crawl Stone Soup version 0.18.1-8-gdd0e5ea (webtiles) character file.

33 SpecialPurpose the Skirmisher (level 3, -2/29 HPs)
             Began as a Demonspawn Chaos Knight on June 12, 2016.
             Slain by an ooze (5 damage)
             ... on level 1 of the Dungeon.
             The game lasted 00:05:42 (655 turns).

SpecialPurpose the Skirmisher (DsCK)                 Turns: 655, Time: 00:05:42

Health: -2/29      AC:  5    Str: 11    XL:     3   Next: 12%
Magic:  3/3        EV: 16    Int: 13    God:    Xom [..*...]
Gold:   38         SH:  0    Dex: 19    Spells: 0 memorised, 2 levels left

rFire  + . .     SeeInvis .     a - +0 short sword (chaos)
rCold  . . .     Gourm    .     b - +2 leather armour
rNeg   . . .     Faith    .     (no shield)
rPois  .         Spirit   .     (no helmet)
rElec  .         Dismiss  .     (no cloak)
rCorr  .         Reflect  .     (no gloves)
SustAt .         Harm     .     (no boots)
MR     .....                    (no amulet)
Stlth  ++........               (no ring)
                                j - +2 ring of dexterity

@: agile, lethally poisoned (-2 -> -9), exhausted, slowed, very slow, not
resistant to hostile enchantments, unstealthy
A: talons 2, fire resistance 1, weak 1, wild magic 1
a: Renounce Religion


You were on level 1 of the Dungeon.
You worshipped Xom.
You were a toy of Xom.
You were not hungry.

You visited 1 branch of the dungeon, and saw 1 of its levels.

You collected 38 gold pieces.

Inventory:

Hand Weapons
 a - a +0 short sword of chaos (weapon)
 m - a +0 hunting sling
Armour
 b - a +2 leather armour (worn)
Jewellery
 j - a +2 ring of dexterity (left hand)
Scrolls
 d - 2 scrolls of identify {unknown}
 f - a scroll of fear {unknown}
 h - a scroll of teleportation {unknown}
 i - a scroll of immolation {unknown}
 k - a scroll of magic mapping {unknown}
 n - a scroll of random uselessness {unknown}
Potions
 e - a potion of haste {unknown}
 l - a potion of might {unknown}
Comestibles
 c - 2 bread rations


   Skills:
 + Level 3.6 Fighting
 + Level 3.1 Short Blades
 + Level 2.0 Armour
 + Level 1.1 Dodging


You had 2 spell levels left.
You didn't know any spells.

Dungeon Overview and Level Annotations

Branches:
Dungeon (1/15)

Altars:
Cheibriados


Innate Abilities, Weirdness & Mutations

You have razor-sharp toenails.
Your flesh is heat resistant.
You are weak. (Str -2)
Your spells are a little harder to cast, but a little more powerful.


Message History

Unknown command.
Unknown command.
Unknown command.
The door flies open with a bang!
You feel a strong urge to attack something.
* * * LOW HITPOINT WARNING * * *
You feel sick. The ooze hits you.
* * * LOW HITPOINT WARNING * * *
The ooze barely misses you.
* * * LOW HITPOINT WARNING * * *
You feel sick.
There is an open door here.
You feel your anger subside.
You are no longer berserk.
You are exhausted.
You feel yourself slow down.
You hit the ooze.
The ooze is lightly wounded.
* * * LOW HITPOINT WARNING * * *
You feel sick. The ooze hits you.
You die...

###.#.....#..################....
#.#.........(....>.............
#.#.###.##(##################..
###....##....)(.# #..
#......##.####### #..
..#....##.....# #..
#.#....######## #..
....##.#.############### ####..
....##.#........@....... ..####
.........##..###J#######+###.#
....#.##.# ..#..Jh..>...⌠..#.#
.........# ..#..h†..<......#.#
....#.##.# ..+⌠....###....⌠'.#
....#.##.# #.#.....r†......#.##
....#.##.# #.#######†#######..#
.####.##.###.# J........ #..##
.#...........# ...J........#...#


You could see 2 oozes, 2 jackals and a rat.

Vanquished Creatures
  A worm (D:1)
  3 dart slugs (D:1)
  A bat (D:1)
  4 giant cockroaches (D:1)
  4 hobgoblins (D:1)
  A jackal (D:1)
  3 kobolds (D:1)
  8 rats (D:1)
25 creatures vanquished.

Notes
Turn   | Place    | Note
--------------------------------------------------------------
     0 | D:1      | SpecialPurpose the Demonspawn Chaos Knight began the quest for the Orb.
     0 | D:1      | Reached XP level 1. HP: 18/18 MP: 1/1
     1 | D:1      | Found a runed door.
    83 | D:1      | Found a snail-covered altar of Cheibriados.
   113 | D:1      | Reached skill level 1 in Dodging
   133 | D:1      | Gained mutation: You have sharp toenails. [demonic ancestry]
   133 | D:1      | Reached XP level 2. HP: 24/24 MP: 2/2
   636 | D:1      | XOM: cast spell 'Summon Butterflies'
   647 | D:1      | XOM: cast spell 'Olgreb's Toxic Radiance'
   649 | D:1      | Gained mutation: You have razor-sharp toenails. [demonic ancestry]
   649 | D:1      | Reached XP level 3. HP: 11/29 MP: 3/3
   650 | D:1      | Gained mutation: Your flesh is heat resistant. [potion of mutation]
   650 | D:1      | Gained mutation: Your spells are a little harder to cast, but a little more powerful. [potion of mutation]
   650 | D:1      | Gained mutation: You are weak. (Str -2) [potion of mutation]
   651 | D:1      | XOM: blink monster(s)
   655 | D:1      | Slain by an ooze

Skill      XL: |  1  2 |
---------------+-------+-----
Dodging        | 1 |  1.1
Armour         | 2 |  2.0
Short Blades   | 3 |  3.1
Fighting       | |  3.6

Action                   || total
-------------------------++-------
Melee: Short sword       ||    62
       Kick              ||    10
  Use: Potion            ||     3
Armor: Leather armour    ||    19
Dodge: Dodged            ||    30
